[Event "*** Biggest EVER Titled Tuesday"]
[Site "Chess.com"]
[Date "2018.04.17"]
[Round "7"]
[White "Martins-BR"]
[Black "Orest_Vovk"]
[Result "0-1"]
[WhiteElo "2221"]
[BlackElo "2249"]
[TimeControl "180+2"]
[EndTime "14:39:14 PDT"]
[Termination "Orest_Vovk won by resignation"]

1. e4 g5 2. d4 h6 3. Nc3 Bg7 4. Be3 c5 5. Nge2 cxd4 6. Nxd4 Nc6 7. Qd2 d6 8. O-O-O Nf6 9. f3 Qa5 10. Nb3 Qe5 11. h4 a5 12. hxg5 hxg5 13. Rxh8+ Bxh8 14. a4 Be6 15. Nd4 g4 16. Bb5 Bd7 17. f4 Qh5 18. Nde2 Qh2 19. e5 dxe5 20. fxe5 Qxe5 21. Bf4 Qe6 22. Nd4 Nxd4 23. Qxd4 Rd8 24. Bc7 Rc8 25. Bxa5 Bg7 26. Bxd7+ Qxd7 27. Qxd7+ Nxd7 28. Nd5 Be5 29. c3 Bd6 30. Kb1 Ne5 31. Bb4 Bxb4 32. Nxb4 Rd8 33. Re1 Nd3 34. Re3 Nxb4 35. cxb4 Rd4 36. Rb3 f5 37. a5 Kd7 38. b5 Kc7 39. a6 Kb6 40.
axb7 Kxb7 41. b6 f4 42. Rb5 Re4 43. Rg5 g3 44. Rf5 Kxb6 45. Kc1 e5 46. Kd2 Re3 47. Rf8 Kb7 48. Rf6 Rb3 49. Kc2 Rb5 50. Rf5 Kc6 51. b3 Kd5 52. Kc3 Ke4 53. Rf8 Ke3 54. Rd8 e4 55.
Rd2 f3 56. gxf3 exf3 57. Rd3+ Kf2 58. Kc4 Rb8 59. Rd2+ Ke1 60. Rb2 f2 0-1

[Event "*** Biggest EVER Titled Tuesday"]
[Site "Chess.com"]
[Date "2018.04.17"]
[Round "7"]
[White "leclash"]
[Black "DACF2905"]
[Result "1/2-1/2"]
[WhiteElo "2323"]
[BlackElo "2028"]
[TimeControl "180+2"]
[EndTime "14:39:15 PDT"]
[Termination "Game drawn - insufficient material"]

1. d4 Nf6 2. c4 e6 3. Nc3 Bb4 4. Qc2 b6 5. e4 Bb7 6. Bd3 d6 7.
f4 Nbd7 8. Nf3 O-O 9. O-O Qe7 10. e5 dxe5 11. fxe5 Ng4 12. Bxh7+ Kh8 13. Be4 Bxe4 14.
Qxe4 f5 15. Qe1 c5 16. Bg5 Qf7 17. Qh4+ Kg8 18. a3 cxd4 19. axb4 dxc3 20. bxc3 Ngxe5 21. Nxe5 Nxe5 22. Rae1 Ng6 23. Qh3 e5 24. Qd3 Rac8 25. h4 Qxc4 26. Qxc4+ Rxc4 27. h5 Rg4 28. Bc1 Nh4 29.
Rxe5 Rxg2+ 30. Kh1 Rc8 31. h6 Rxc3 32. Be3 Rcc2 33.
Bg1 Rg3 34. Bf2 Rh3+ 35. Kg1 Nf3+ 36. Kg2 Nxe5 37. Kxh3 g5 38. Bd4 g4+ 39. Kg3 Nf3 40. Rd1 Rc4 41. Bg7 Kh7 42. Rd7 Kg6 43. Bf8 Rc8 44.
Rg7+ Kf6 45. Be7+ Ke6 46. h7 Ne5 47. Rg8 Rc3+ 48. Kf4 Rf3+ 49. Kg5 Nf7+ 50. Kg6 Rh3 51. Bf6 Rh6+ 52. Kg7 Rxf6 53. Re8+ Kd7 54. Rf8 Ke7 55. h8=Q Nxh8 56. Rxf6 g3 57. Rxf5 g2 58. Rg5 Nf7 59. Rxg2 Nd6 60. Ra2 Nb5 61. Kg6 Kd6 62. Kf5 Kd5 63.
Rc2 a5 64. bxa5 bxa5 65. Ra2 Nd4+ 66. Kf4 Nb3 67. Ke3 Kc4 68. Rxa5 Nxa5 1/2-1/2

[Event "*** Biggest EVER Titled Tuesday"]
[Site "Chess.com"]
[Date "2018.04.17"]
[Round "7"]
[White "DishonorOnYourCow"]
[Black "ChainsOfFantasia"]
[Result "0-1"]
[WhiteElo "2317"]
[BlackElo "2403"]
[TimeControl "180+2"]
[EndTime "14:39:20 PDT"]
[Termination "ChainsOfFantasia won by resignation"]

1. d4 Nf6 2. c4 e6 3. Nc3 d5 4. cxd5 exd5 5. Bg5 c6 6. e3 Nbd7 7. Bd3 Be7 8. Nge2 Nh5 9. Bxe7 Qxe7 10. Ng3 Nxg3 11.
hxg3 Nf6 12. Qc2 Be6 13. Rc1 O-O-O 14. O-O h5 15. Na4 h4 16. Qc5 Qxc5 17. Nxc5 hxg3 18.
fxg3 Rh5 19. Be2 Rg5 20. b4 Rxg3 21. Kf2 Rg5 22. b5 Bd7 23. bxc6 Bxc6 24. Bf3 Re8 25.
Rc3 Rf5 26. Kg1 g5 27. Bg4 Nxg4 28. Rxf5 f6 29. Rf3 Kd8 30. Nb3 Bb5 31. Nc5 Be2 32. Rg3 b6 33. Nd3 Nxe3 34. Nc1 Nd1 35. Ra3 a5 36.
Nxe2 Rxe2 37. Rgf3 Re6 38. Rad3 Nb2 39. Rb3 Nc4 40.
Rb5 Rd6 41. g4 Kd7 42. Kh2 Kc6 43. Rb1 Nd2 44. Rc1+ Kd7 45. Rd3 Ne4 46. Kg2 Rc6 47. Rdd1 b5 48. Rb1 b4 49. Rbc1 Rc3 50. Rh1 Kc6 51.
Rhe1 Kb5 52. Kf1 Kc4 53. Rb1 Kxd4 54. Red1+ Kc4 55. Kg2 d4 56. Rf1 Nd2 57. Rbd1 Nxf1 58.
Rxf1 Rc2+ 59. Kg3 d3 60. Rxf6 d2 61. Rc6+ Kd3 62. Rd6+ Kc3 63. Kf3 Rc1 64. Rc6+ Kb2 0-1

[Event "*** Biggest EVER Titled Tuesday"]
[Site "Chess.com"]
[Date "2018.04.17"]
[Round "7"]
[White "Oleksandr_Bortnyk"]
[Black "Rakhmanov_Aleksandr"]
[Result "0-1"]
[WhiteElo "2787"]
[BlackElo "2674"]
[TimeControl "180+2"]
[EndTime "14:39:35 PDT"]
[Termination "Rakhmanov_Aleksandr won by resignation"]

1. d4 Nf6 2. Nc3 d5 3. Bf4 g6 4. e3 c6 5. h4 h5 6. Nf3 Bg7 7. Ne5 Nbd7 8. Bd3 Nxe5 9. Bxe5 Be6 10. Ne2 Qd7 11. Nf4 Bf5 12. Qf3 Bxd3 13. Nxd3 Qg4 14. Rc1 Qxf3 15. gxf3 O-O 16. Nc5 b6 17. Na6 Rac8 18. c4 Nd7 19. Bxg7 Kxg7 20. cxd5 cxd5 21. Ke2 e5 22. dxe5 Nxe5 23. f4 Nc4 24. b3 Nd6 25.
Nc7 d4 26. Rhd1 Ne4 27. exd4 Rfd8 28. Kf3 Nd6 29. d5 Nf5 30. b4 Nxh4+ 31. Ke4 Nf5 32.
a4 Rd7 33. Ne6+ fxe6 34. Rxc8 Nd6+ 35. Ke5 Nxc8 36. Rc1 Rxd5+ 37. Kxe6 Rd6+ 38. Ke5 Rd8 39. Rc7+ Kh6 40. a5 bxa5 41. bxa5 Re8+ 42. Kf6 Rf8+ 43. Ke5 h4 44. Ke4 Nd6+ 45. Kf3 Nb5 46. Rb7 a6 47. Kg4 h3 48. Kxh3 Rxf4 49. Kg3 Rf6 50. f3 Nd4 51. f4 Ne2+ 52. Kf3 Nxf4 53. Ke4 Nh5 54. Ra7 g5 55. Rb7 g4 56. Rb6 g3 57.
Ke3 Kg5 58. Rb2 Kh4 0-1

[Event "*** Biggest EVER Titled Tuesday"]
[Site "Chess.com"]
[Date "2018.04.17"]
[Round "7"]
[White "Konavets"]
[Black "KRASAVCHIK2002"]
[Result "1/2-1/2"]
[WhiteElo "2771"]
[BlackElo "2026"]
[TimeControl "180+2"]
[EndTime "14:39:36 PDT"]
[Termination "Game drawn by agreement"]

1. d4 Nf6 2. Nf3 c5 3. d5 e6 4. Nc3 b5 5. dxe6 fxe6 6. Nxb5 d5 7. c4 a6 8. Na3 Be7 9. g3 O-O 10. Bg2 Bb7 11. O-O Qb6 12. b3 Nbd7 13. cxd5 exd5 14. Bd2 Ne4 15. Be1 Bf6 16. Rb1 Rad8 17. Qc2 Qe6 18. Rd1 Rc8 19. Nb1 g5 20. Nc3 Nxc3 21. Bxc3 Bxc3 22. Qxc3 h6 23. Rfe1 d4 24. Qb2 Qf6 25.
Rf1 Bd5 26. b4 Rb8 27. a3 a5 28. b5 Rb6 29. a4 Qf7 30. Ne1 Bxg2 31. Nxg2 Nf6 32.
e3 Qc4 33. exd4 Qxa4 34. dxc5 Rxb5 35. Qe5 Qc4 36. Ne3 Qxc5 37. Qe6+ Kg7 38. Rd6 Qe5 39.
Rc1 Qxe6 40. Rxe6 Rf7 41. Ra6 h5 42. Rcc6 Ne4 43. Rg6+ Kh7 44. Rh6+ Kg7 45. Rag6+ Kf8 46. Rxh5 Rxf2 47. Rd6 Re2 48. Rd3 Rb1+ 49. Rd1 Rxd1+ 50. Nxd1 Re1+ 51. Kg2 Rxd1 52. Rh8+ Kg7 53. Ra8 Rd2+ 54. Kf3 Ra2 55. Kxe4 Rxh2 56. Kf5 Rf2+ 57. Kxg5 Ra2 58. g4 a4 59. Ra7+ Kf8 60. Kg6 a3 61. g5 Ra1 62.
Ra8+ Ke7 63. Kg7 a2 64. g6 Ke6 65. Ra5 Ke7 66. Ra6 Ke8 67. Kg8 Rg1 68. Rxa2 Rxg6+ 1/2-1/2

[Event "*** Biggest EVER Titled Tuesday"]
[Site "Chess.com"]
[Date "2018.04.17"]
[Round "7"]
[White "ChessTrail"]
[Black "JosefineHeinemann"]
[Result "1-0"]
[WhiteElo "2479"]
[BlackElo "2369"]
[TimeControl "180+2"]
[EndTime "14:39:39 PDT"]
[Termination "ChessTrail won by checkmate"]

1. e4 c5 2. Nf3 Nc6 3. d4 cxd4 4. Nxd4 Nf6 5. Nc3 e5 6. Ndb5 Bb4 7. a3 Bxc3+ 8.
bxc3 O-O 9. Nd6 Qa5 10. Bd2 Qc5 11. Nb5 Nxe4 12. Be3 Qe7 13. f3 Nf6 14. Bg5 e4 15. f4 d5 16. Bxf6 Qxf6 17. g3 a6 18. Nd4 Bg4 19.
Be2 Bxe2 20. Nxe2 h5 21. Qxd5 Rad8 22. Qxh5 e3 23. O-O Rd2 24. Rac1 Rfd8 25. Rfe1 Ne7 26. Nd4 R8xd4 27. cxd4 Qc6 28. Re2 Qc4 29. Rce1 g6 30. Qf3 Nf5 31. Rxe3 Nxe3 32. Qxe3 Qxc2 33. Qe8+ Kg7 34.
Qe5+ Kh7 35. Qe4 Qb2 36. d5 Rxh2 37. Qf3 Rh5 38. Qg2 Qd4+ 39. Kf1 Qd3+ 40. Kg1 Qxa3 41.
Rd1 Qc5+ 42. Kf1 Qc4+ 43. Kg1 Qc5+ 44. Kf1 Qd6 45. Qe4 a5 46. Kg2 Qd7 47. Kg1 b5 48. d6 Qa7+ 49. Kg2 Qd7 50. Qe7 Qh3+ 51. Kf3 Rf5 52. d7 Qh5+ 53. Kf2 Qxd1 54. d8=Q Qc2+ 55. Qe2 Qc5+ 56. Qe3 Qc2+ 57. Qdd2 Qb1 58. g4 Rf6 59. Qh3+ Kg7 60. g5 Re6 61. Qd4+ f6 62. Qd7+ Kg8 63.
Qhh7+ Kf8 64. Qh8# 1-0

[Event "*** Biggest EVER Titled Tuesday"]
[Site "Chess.com"]
[Date "2018.04.17"]
[Round "7"]
[White "Cocaino74"]
[Black "muran29"]
[Result "1/2-1/2"]
[WhiteElo "2154"]
[BlackElo "2324"]
[TimeControl "180+2"]
[EndTime "14:39:39 PDT"]
[Termination "Game drawn - insufficient material"]

1. e4 c6 2. d4 d5 3. exd5 cxd5 4.
Bd3 Nf6 5. c3 Nc6 6. Bf4 e6 7.
Nf3 Bd6 8. Bxd6 Qxd6 9. O-O O-O 10. Nbd2 b6 11. Re1 a5 12. Ne5 Ba6 13. Bxa6 Rxa6 14.
a4 Ne7 15. f4 Ra7 16. Qf3 Rc7 17. g4 Nd7 18. h4 f6 19. Nd3 e5 20. f5 e4 21. Qf4 Qc6 22. Qg3 Re8 23. Nf4 Qd6 24. Kh2 Nc8 25. Nf1 Nf8 26. Ne3 Ne7 27. g5 Rd7 28. Rg1 fxg5 29. Qxg5 Neg6 30. fxg6 Ne6 31.
gxh7+ Kh8 32. Qe5 Qxe5 33. dxe5 Nxf4 34. Rgf1 Nd3 35. e6 Rxe6 36. Rf5 Ne5 37. Rd1 Nf3+ 38. Kh3 d4 39. cxd4 Rxd4 40. Rxd4 Nxd4 41. Rd5 Nf3 42. Kg3 Kxh7 43. Kf4 Nxh4 44. Rh5+ Rh6 45. Rxh6+ Kxh6 46. Kxe4 Kg5 47. Nd5 Nf5 48. Nxb6 Kf6 49.
Nc4 Ke6 50. Nxa5 Nd6+ 51. Kd4 g5 52. Nc4 Nc8 53. Ke4 Kd7 54. Kf5 Kc6 55. b4 Kd5 56. Nd2 Kd4 57. b5 Kc3 58. Ne4+ Kb4 59. Kxg5 Kxa4 60.
b6 Nxb6 61. Nc5+ Kb5 62. Na4 Nxa4 1/2-1/2

[Event "*** Biggest EVER Titled Tuesday"]
[Site "Chess.com"]
[Date "2018.04.17"]
[Round "7"]
[White "Rokis13"]
[Black "Fighterman91"]
[Result "0-1"]
[WhiteElo "2426"]
[BlackElo "2591"]
[TimeControl "180+2"]
[EndTime "14:39:41 PDT"]
[Termination "Fighterman91 won by resignation"]

1. e4 c5 2. Nf3 d6 3. Bb5+ Nd7 4.
O-O a6 5. Bd3 Ngf6 6. Re1 b5 7.
c3 Bb7 8. Bc2 c4 9. b4 e5 10. d4 cxd3 11. Bxd3 Nb6 12. Nbd2 Rc8 13. Qb3 Be7 14. c4 bxc4 15. Nxc4 Nxc4 16. Bxc4 O-O 17. Bd3 d5 18. Nxe5 Nxe4 19. Bb2 Qb6 20. Bxe4 dxe4 21.
a3 Qe6 22. Qxe6 fxe6 23. Bd4 Rfd8 24. Rad1 Bf6 25. Ba1 Rxd1 26. Rxd1 Rc2 27. Ng4 Bxa1 28. Rxa1 Rc3 29. h3 Rb3 30. Ne3 Bc6 31. Kh2 Bb5 32.
Kg3 Bd3 33. Ra2 h6 34. Kf4 Rc3 35. Ke5 Kf7 36. a4 Rb3 37. b5 axb5 38. axb5 Rxb5+ 39. Kd6 Rb6+ 40. Ke5 Rb5+ 41. Kd6 Rb6+ 42. Ke5 Rb7 43.
Ra8 Ke7 44. Kf4 Kd6 45. Ng4 Rf7+ 46. Ke3 Rf5 47. Rd8+ Ke7 48. Ra8 h5 49. Ra7+ Kd6 50. Nh2 Rg5 51. g4 hxg4 52. Nxg4 g6 53. f3 Bf1 54. Nf2 Rh5 55. Nxe4+ Kc6 56. Re7 Bxh3 57. Kf4 Bf5 58. Ng5 Kd6 59. Ra7 e5+ 0-1

[Event "*** Biggest EVER Titled Tuesday"]
[Site "Chess.com"]
[Date "2018.04.17"]
[Round "7"]
[White "TST2014"]
[Black "Rish_97"]
[Result "1-0"]
[WhiteElo "2336"]
[BlackElo "2270"]
[TimeControl "180+2"]
[EndTime "14:39:44 PDT"]
[Termination "TST2014 won by resignation"]

1. d4 d5 2. c4 e6 3. Nf3 Nf6 4.
Nc3 Bb4 5. e3 O-O 6. Bd2 Nbd7 7.
Bd3 a6 8. cxd5 exd5 9. O-O c5 10. Ne5 cxd4 11. exd4 Bd6 12. f4 Qb6 13. Nf3 Qxb2 14. Rb1 Qa3 15. Rb3 Qa5 16. Ne4 Qc7 17. Nxd6 Qxd6 18.
Bb4 Qxf4 19. Bxf8 Nxf8 20. Kh1 b5 21. Ne5 Qh4 22. Bf5 Ng6 23. Rh3 Qg5 24. Rg3 Qh4 25. Bxg6 hxg6 26. Rgf3 Be6 27. Rf4 Qh6 28. h3 Ne4 29.
Kh2 Qg5 30. Nxf7 Qg3+ 31. Kh1 Bxh3 32. Qf3 Qxf3 33. R1xf3 Bf5 34. g4 Be6 35. Ne5 Rc8 36.
Nxg6 Rc1+ 37. Kg2 Rc2+ 38. Kh3 Rc1 39. Rf8+ Kh7 40. Nf4 Bd7 41. Kg2 Bxg4 42. Rf1 Rc2+ 43. Kg1 Nd2 44. Rf2 Nf3+ 45. Kg2 Nh4+ 46. Kg3 Rxf2 47. Kxf2 Bf3 48. Kg3 g5 49. Nh3 Kh6 50.
Rf6+ Kg7 51. Rxa6 Be4 52. Nxg5 Nf5+ 53. Kf4 Nxd4 54. Nxe4 dxe4 55. Kxe4 Nc2 56. a3 b4 57. a4 b3 58. Rb6 1-0

[Event "*** Biggest EVER Titled Tuesday"]
[Site "Chess.com"]
[Date "2018.04.17"]
[Round "7"]
[White "shyam"]
[Black "pKiLz5Rn9b"]
[Result "0-1"]
[WhiteElo "2579"]
[BlackElo "2641"]
[TimeControl "180+2"]
[EndTime "14:39:48 PDT"]
[Termination "pKiLz5Rn9b won on time"]

1. e4 e6 2. d4 d5 3. Bd3 dxe4 4. Bxe4 Nf6 5. Bf3 Bd6 6. Nc3 c6 7. Nge2 Nbd7 8. Bg5 Qc7 9. Qd2 O-O 10. O-O-O Re8 11. Rhe1 Rb8 12. Kb1 b6 13. h4 Bb7 14. g4 a6 15. Be3 Nd5 16. Nxd5 cxd5 17. g5 b5 18. h5 Nb6 19. g6 Nc4 20. Qd3 e5 21. Qf5 Re6 22. Rg1 Rf6 23. gxh7+ Kh8 24. Qg4 Bf8 25. Bg5 Re6 26. Qf5 Rc8 27. h6 g6 28. Bf6+ Kxh7 29.
Rxg6 fxg6 30. Qxe6 Na3+ 31. Ka1 Nxc2+ 32. Kb1 Na3+ 33.
Ka1 Nc2+ 34. Kb1 Nxd4 35. Nxd4 exd4 36. Qe2 Qf7 37. Bxd4 Re8 38. Qd3 Bc8 39. Ka1 Bf5 40. Qc3 Rc8 41. Qe3 Re8 42. Qf4 Qe6 43. Bc3 Bc5 44.
Bxd5 Qe2 45. Bf3 Qc2 46. a3 Bxa3 47. Rc1 Qb3 48. Qc7+ Re7 49. Qd6 Bxd6 0-1

[Event "*** Biggest EVER Titled Tuesday"]
[Site "Chess.com"]
[Date "2018.04.17"]
[Round "7"]
[White "sandager"]
[Black "mjray79"]
[Result "0-1"]
[WhiteElo "1922"]
[BlackElo "1926"]
[TimeControl "180+2"]
[EndTime "14:39:56 PDT"]
[Termination "mjray79 won by resignation"]

1. e4 c5 2. Nf3 d6 3. d4 cxd4 4.
Nxd4 Nf6 5. Nc3 g6 6. Be3 Bg7 7. Be2 O-O 8. O-O Nc6 9. Nb3 Be6 10. f4 a5 11. a4 Qc8 12. Kh1 Rd8 13. Nd5 Nxe4 14. Nb6 Qc7 15. Nxa8 Rxa8 16. Nd4 Nc5 17. Nxc6 Qxc6 18. Bf3 Qc7 19. Bd4 Bc4 20. Re1 e5 21. Bxc5 dxc5 22. f5 Rd8 23. Qc1 gxf5 24. Qg5 Be6 25.
c3 e4 26. Rad1 Re8 27. Be2 Qe5 28. Bb5 Rc8 29. Rd8+ Rxd8 30. Qxd8+ Bf8 31. Rd1 Kg7 32. Qg5+ Kh8 33. Rd8 Qg7 34. Qxg7+ Kxg7 35. Kg1 Be7 36. Rb8 Bd5 37. Re8 Kf6 38. g3 h6 39. Kf2 Bd6 40. Ke3 Be5 41. Rd8 Be6 42. Rd1 Kg5 43. Bd7 Kf6 44. Bxe6 Kxe6 45. Rd8 Bd6 46. Rh8 Ke5 47. Rxh6 Be7 48. Rb6 Bg5+ 49. Ke2 f4 50.
gxf4+ Kxf4 51. Rxb7 f5 52. Rf7 Kg4 53. Rc7 f4 54.
Rxc5 f3+ 55. Kf1 Kf4 56. Rc4 Ke3 57. Rc5 Bf4 58. Rxa5 f2 59. Rf5 Kf3 60. h4 e3 61.
Rxf4+ Kxf4 62. Ke2 Kg3 63. Kf1 Kf3 0-1

[Event "*** Biggest EVER Titled Tuesday"]
[Site "Chess.com"]
[Date "2018.04.17"]
[Round "7"]
[White "GadimbayliA"]
[Black "pulvettd"]
[Result "1/2-1/2"]
[WhiteElo "2428"]
[BlackElo "2543"]
[TimeControl "180+2"]
[EndTime "14:39:59 PDT"]
[Termination "Game drawn by repetition"]

1. e4 c5 2. Nf3 d6 3. d4 cxd4 4. Nxd4 Nf6 5. Nc3 a6 6. Qd3 Nc6 7. Bg5 Bd7 8. Be2 Rc8 9. Nxc6 Rxc6 10. Rd1 Qb6 11. O-O Qxb2 12. Bd2 Qa3 13. e5 dxe5 14. Bf3 Rd6 15. Qe2 Bc6 16. Bxc6+ Rxc6 17. Qxe5 Qd6 18. Qa5 Qc7 19. Qa4 e6 20. Bf4 Qc8 21. Ne2 b5 22. Qb3 Be7 23. Nd4 Rc3 24. Qb2 O-O 25. Rfe1 Re8 26. Be5 Rc4 27. Rd3 g6 28. Nxb5 Rxc2 29. Qa1 axb5 30. Bxf6 Bxf6 31. Qxf6 Rc1 32.
Re3 Qc5 33. Qf3 Rd8 34. h3 Rxe1+ 35. Rxe1 Qd5 36. Qxd5 Rxd5 37. Rb1 Kf8 38. g3 Ke7 39. Rb4 Kd6 40. a4 Kc6 41. axb5+ Rxb5 42. Rf4 f5 43. h4 e5 44. Ra4 Rb7 45. Ra8 Kd5 46. Kg2 Ke6 47. Re8+ Kf6 48. Rf8+ Rf7 49. Rc8 Re7 50.
Rf8+ Rf7 51. Rd8 Re7 52. Rf8+ Kg7 53. Rd8 h6 54. Rc8 Kf6 55. Rc6+ Kg7 56. Rc8 g5 57. hxg5 hxg5 58. Rc6 Kf7 59. Rh6 Re6 60. Rh7+ Kg6 61. Ra7 Rf6 62. Re7 Rf7 63. Rxe5 Rf6 64. Rb5 Rf7 65.
Kf3 Rf6 66. Rc5 Ra6 67. Kg2 Rf6 68. Kf3 Ra6 69. Ke3 Re6+ 70. Kf3 Ra6 71. Kg2 Rf6 72.
Kf3 1/2-1/2

[Event "*** Biggest EVER Titled Tuesday"]
[Site "Chess.com"]
[Date "2018.04.17"]
[Round "7"]
[White "Vugar_Manafov"]
[Black "VeraNebolsina"]
[Result "0-1"]
[WhiteElo "2312"]
[BlackElo "2495"]
[TimeControl "180+2"]
[EndTime "14:40:00 PDT"]
[Termination "VeraNebolsina won by checkmate"]

1. Nf3 Nf6 2. g3 g6 3. b3 Bg7 4.
Bb2 d6 5. d4 O-O 6. Bg2 e5 7.
dxe5 Ng4 8. O-O Nd7 9. c4 dxe5 10. h3 Nh6 11. Ba3 Re8 12. Nc3 e4 13. Nd4 c5 14.
Ndb5 a6 15. Nd6 Bxc3 16. Rc1 Bg7 17. Nxe8 Qxe8 18. Qd5 Rb8 19. Qxe4 Qxe4 20. Bxe4 b6 21. Rfd1 Nf5 22. Bxf5 gxf5 23. Rd5 Nf8 24. Rd8 Bf6 25. Re8 Kg7 26. b4 Ne6 27. Rb1 Nc7 28. Re3 Bd4 29.
Rd3 f4 30. g4 Bb7 31. bxc5 Be4 32. Rxd4 Bxb1 33. Rd1 Bxa2 34. Bb2+ Kf8 35. Be5 bxc5 36. Bxc7 Rb2 37. Bxf4 Bxc4 38. e3 Ke8 39. Bd6 Rb5 40. Ra1 Rb6 41. Bxc5 Rh6 42. Kh2 Rf6 43. Kg3 Rc6 44. Bd4 Bd5 45. f4 Rc2 46. Ra5 Bb7 47.
f5 Rg2+ 48. Kf4 Kd7 49. Ke5 Rh2 50. Kf6 Rxh3 51. Kxf7 Rg3 52. f6 Rxg4 53. Re5 Kd6 54. Re7 Bd5+ 55. Kf8 Rg8# 0-1

[Event "*** Biggest EVER Titled Tuesday"]
[Site "Chess.com"]
[Date "2018.04.17"]
[Round "7"]
[White "champ2005"]
[Black "bancsoo"]
[Result "1-0"]
[WhiteElo "2626"]
[BlackElo "2586"]
[TimeControl "180+2"]
[EndTime "14:40:01 PDT"]
[Termination "champ2005 won by resignation"]

1. e4 e5 2. Nf3 Nc6 3. Bc4 Bc5 4. O-O Nf6 5. d3 d6 6. c3 a5 7. a4 h6 8. Na3 O-O 9. Nc2 Ba7 10. Be3 Nh5 11. Bxa7 Rxa7 12. Ne3 Nf4 13. g3 Nh3+ 14. Kg2 Ng5 15. Nxg5 hxg5 16. Qh5 Be6 17. Rh1 Bxc4 18. dxc4 f6 19. h4 gxh4 20. Rxh4 Ne7 21. Rah1 Qe8 22.
Qh7+ Kf7 23. Rg4 Rg8 24. Nf5 Nxf5 25. exf5 Qf8 26. Qg6+ Ke7 27. Rh7 Qf7 28. Rxg7 Rxg7 29. Qxg7 Ra8 30. Qxf7+ Kxf7 31. Rh4 Kg7 32. Kf3 Ra6 33.
Rg4+ Kf7 34. Rh4 Kg7 35. Rh1 Rc6 36. b3 d5 37. cxd5 Rxc3+ 38. Kg4 Rxb3 39. Rc1 Kh6 40.
Rxc7 Rb4+ 41. f4 exf4 42. gxf4 Rxa4 43. Rxb7 Rd4 44. Rd7 a4 45. Rf7 Rxd5 46. Rxf6+ Kg7 47. Ra6 Rd1 48. f6+ Kf7 49. Kg5 Rd5+ 50. f5 Rd1 51.
Ra7+ Kf8 52. f7 Kg7 53. f8=Q+ Kxf8 54. Kg6 Ra1 55. Ra8+ Ke7 56. f6+ Kd6 57. f7 Rg1+ 58.
Kh7 Rf1 59. Kg7 Rg1+ 60. Kf8 Rg4 61. Ke8 Re4+ 62. Kd8 Rf4 63. Ra6+ Kc5 64. Ke7 Kb4 65. Rf6 1-0

[Event "*** Biggest EVER Titled Tuesday"]
[Site "Chess.com"]
[Date "2018.04.17"]
[Round "7"]
[White "wadsy27"]
[Black "Indianlad"]
[Result "1-0"]
[WhiteElo "2156"]
[BlackElo "2658"]
[TimeControl "180+2"]
[EndTime "14:40:03 PDT"]
[Termination "wadsy27 won on time"]

1. g3 h5 2. Nf3 d5 3. Bg2 Nc6 4. d4 Bf5 5. c3 e6 6. Qb3 Rb8 7. h4 Nf6 8. Bg5 Be7 9. Nbd2 Ne4 10.
Bxe7 Qxe7 11. Nxe4 Bxe4 12. O-O Bxf3 13. exf3 g5 14.
hxg5 Qxg5 15. f4 Qf6 16. Rae1 Kf8 17. Qd1 h4 18. Qg4 Ne7 19. Qg5 Qxg5 20. fxg5 hxg3 21. fxg3 Kg7 22. Bf3 Rh7 23. Kf2 Rbh8 24. g4 Rh2+ 25. Bg2 R8h3 26. Kg1 Rh7 27. Rf6 Ng6 28. Ref1 Nh8 29.
g6 fxg6 30. Rxe6 R2h4 31. g5 Nf7 32. Re7 Kf8 33. Rxc7 Rg4 34. Rxb7 Rxg5 35. Rxa7 Rg7 36. Rf2 Kg8 37. Kf1 Nd6 38. Rxg7+ Kxg7 39. a4 Nc4 40. b3 Na5 41. b4 Nc4 42. Bf3 Rg3 43.
a5 Rh3 44. Kg2 Rh8 45. Re2 Rd8 46. a6 Kf6 47. a7 Nb6 48. Bg4 Kg5 49. Kg3 Ra8 50.
Re5+ Kh6 51. Re6 Na4 52. Ra6 Nxc3 53. Bd7 Ne2+ 54. Kf2 Nxd4 55. b5 Kg7 56. b6 1-0

[Event "*** Biggest EVER Titled Tuesday"]
[Site "Chess.com"]
[Date "2018.04.17"]
[Round "7"]
[White "JustKid"]
[Black "dretch"]
[Result "1/2-1/2"]
[WhiteElo "2480"]
[BlackElo "2698"]
[TimeControl "180+2"]
[EndTime "14:40:14 PDT"]
[Termination "Game drawn by stalemate"]

1. d4 d5 2. Bf4 c5 3. e3 Nc6 4.
Nf3 Nf6 5. Be2 Bg4 6. O-O e6 7.
Nbd2 cxd4 8. exd4 Be7 9. c3 O-O 10. Ne1 Bxe2 11. Qxe2 Qb6 12. Nd3 Qa6 13. Qf3 Nd7 14.
Rfe1 Rac8 15. Qg3 Rfe8 16. Re3 Bf8 17. Qh3 Ne7 18. Nb3 Ng6 19. Bg3 Qa4 20. Qh5 Nf6 21.
Qe2 Ne4 22. f3 Nd6 23. Bxd6 Bxd6 24. g3 b6 25. f4 Qb5 26. Ne5 Qxe2 27. Rxe2 Ne7 28. a4 Rc7 29. a5 b5 30. Nd3 Nc6 31. Nbc5 Bxc5 32. Nxc5 b4 33. a6 Rb8 34. Kf2 bxc3 35.
bxc3 Ne7 36. Raa2 Rb6 37. Reb2 Nc8 38. Ke3 Kf8 39. Kd3 Ke7 40. g4 Rcc6 41. f5 exf5 42. gxf5 Rxb2 43. Rxb2 Nb6 44. Re2+ Kf6 45. Re8 Kxf5 46.
Rb8 Kg4 47. Rb7 Nc8 48. Rxf7 Rg6 49. c4 dxc4+ 50. Kc3 Nd6 51. Rd7 Kh3 52. d5 Kxh2 53. Ne6 Ne4+ 54. Kxc4 Rg4 55. Kb5 Nc3+ 56. Kc6 Rc4+ 57.
Kd6 Nb5+ 58. Ke5 h5 59. Rxg7 h4 60. d6 Nxd6 61. Kxd6 Ra4 62. Nc5 Rd4+ 63. Kc6 h3 64.
Kb7 Kh1 65. Kxa7 h2 66. Rh7 Kg2 67. Rg7+ Kh1 68. Kb7 Rg4 69. Rh7 Rg7+ 70. Rxg7 1/2-1/2

[Event "*** Biggest EVER Titled Tuesday"]
[Site "Chess.com"]
[Date "2018.04.17"]
[Round "7"]
[White "Margency"]
[Black "daro94"]
[Result "0-1"]
[WhiteElo "2571"]
[BlackElo "2723"]
[TimeControl "180+2"]
[EndTime "14:40:16 PDT"]
[Termination "daro94 won by resignation"]

1. e4 c5 2. Nf3 d6 3. d4 cxd4 4.
Nxd4 Nf6 5. Nc3 a6 6. g3 e5 7. Nb3 Be7 8. Bg2 O-O 9. O-O Be6 10. a4 Nbd7 11. Re1 Rc8 12. Nd2 Qa5 13. Nf1 Rfe8 14. Bd2 Qc7 15. Ne3 g6 16. a5 Bf8 17. h3 h5 18. Re2 Nb8 19. Be1 Nc6 20. Ncd5 Bxd5 21.
exd5 Nd4 22. Rd2 Bh6 23. c3 Nf5 24. Nxf5 gxf5 25. Rc2 Qc4 26. Re2 e4 27. Bd2 Bg7 28. Bf4 Nxd5 29. Rd2 Nxf4 30. gxf4 Rcd8 31. Qxh5 Qe6 32. h4 Qg6 33. Qxg6 fxg6 34. Rd5 Bh6 35. h5 Kg7 36. hxg6 Kxg6 37. Bh3 Rf8 38. Kh1 Bxf4 39.
Rg1+ Bg5 40. f4 exf3 41. Rf1 Be3 42. Rxf3 f4 43. Kg2 Rf6 44. Kf1 Rh8 45. Ke2 Kf7 46. Kd3 Ke7 47. b4 Rg6 48. Bf5 Rg1 49. Be4 Rc8 50. Rh3 Rd1+ 51. Ke2 Rxd5 52. Bxd5 Rxc3 53. Rh7+ Kf6 54. Rxb7 Ke5 55. Bf7 Rc2+ 56. Kd3 Rd2+ 57. Kc3 d5 58. Re7+ Kf6 59. Rd7 d4+ 60. Kb3 f3 61. Bc4 f2 62. Bxa6 d3 63. Rxd3 f1=Q 64. Rd6+ Rxd6 65. Bxf1 Ke5 66. Kc4 Rd4+ 67. Kc3 Bd2+ 68. Kb3 Bxb4 69. a6 Bc5 70. Bc4 Ba7 71. Kb4 Kd6 72. Kb5 Kc7 73. Bb3 Rd6 74. Bc4 Rb6+ 75.
Ka5 Rh6 76. Kb4 Rh4 77. Kc3 Kb6 0-1

[Event "*** Biggest EVER Titled Tuesday"]
[Site "Chess.com"]
[Date "2018.04.17"]
[Round "7"]
[White "TheBigBoss04"]
[Black "TigranLPetrosyan"]
[Result "0-1"]
[WhiteElo "2524"]
[BlackElo "2653"]
[TimeControl "180+2"]
[EndTime "14:40:46 PDT"]
[Termination "TigranLPetrosyan won on time"]

1. d4 g6 2. Nf3 Bg7 3. Bg5 Nf6 4.
Nbd2 O-O 5. c3 d6 6. e4 c5 7.
dxc5 dxc5 8. Bc4 Nc6 9. O-O Qc7 10. Qc2 h6 11. Bh4 Nh5 12. Rad1 b6 13. Rfe1 g5 14. Bg3 Nxg3 15. hxg3 Bg4 16. Nf1 e6 17. N1h2 Bh5 18. Rd2 Rad8 19. Red1 Bg6 20. Ng4 Kh7 21. Ne3 Rxd2 22. Rxd2 Rd8 23. Rxd8 Qxd8 24. Qd3 Qc7 25. Ng4 Na5 26. Bb5 Qb7 27. Nd2 h5 28. Ne3 g4 29.
Qd8 Nc6 30. Qd6 Ne5 31. Ba4 b5 32. Bc2 c4 33. b3 cxb3 34. axb3 a5 35. Qa3 Qc7 36.
c4 b4 37. Qa4 Nc6 38. Bd1 Nd4 39. Qe8 Bh6 40. Nef1 Qd6 41. Qa8 Nc6 42. c5 Qxc5 43. Nc4 Bxe4 44. Qb7 Kg7 45. Nce3 Qd6 46. Qb6 Bg5 47. Be2 Bf6 48. Bb5 Bd4 49. Qb7 Be5 50. Bc4 Qc7 51. Qa6 Qa7 52. Qb5 Qc5 53. Qa6 Nd4 54.
Bd3 Bxd3 55. Qxd3 Qc3 56. Qe4 Bf6 57. Nc4 a4 58. Nd6 Qc2 59. Ne8+ Kf8 60. Qa8 Ke7 61.
Nxf6 Kxf6 62. Qxa4 Qd1 63. Qa8 Ne2+ 64. Kh2 Qxf1 65.
Qd8+ Ke5 66. Qc7+ Kf6 67. Qd8+ Kf5 68. Qd3+ Kg5 69. Qe3+ Kg6 70. Qe4+ Kf6 0-1